 Dungeon Crawl Stone Soup version 0.21-a0-164-g4aaa757 (webtiles) character file.

2190 Ordine the Magician (level 9, 0/49 HPs)
             Began as a Deep Elf Wizard on Aug 6, 2017.
             Was an Initiate of Sif Muna.
             Slain by a hippogriff (3 damage)
             ... on level 8 of the Dungeon.
             The game lasted 00:22:20 (8897 turns).

Ordine the Magician (Deep Elf Wizard)               Turns: 8897, Time: 00:22:21

Health: 0/49       AC:  3    Str:  1    XL:     9   Next: 12%
Magic:  0/22       EV: 15    Int: 27    God:    Sif Muna [......]
Gold:   299        SH:  0    Dex: 13    Spells: 13/22 levels left

rFire    . . .     SeeInvis .   a - +0 dagger (venom)
rCold    . . .     Gourm    .   (no shield)
rNeg     . . .     Faith    .   s - +1 robe
rPois    .         Spirit   .   x - +0 hat
rElec    .         Reflect  .   (no cloak)
rCorr    .         Harm     .   (no gloves)
MR       +....                  (no boots)
Stlth    +++.......             (no amulet)
HPRegen  0.16/turn              y - -3 ring of strength (curse)
MPRegen  0.18/turn              o - ring of protection from magic

@: no status effects
A: no striking features
a: Renounce Religion


You were on level 8 of the Dungeon.
You worshipped Sif Muna.
Sif Muna was noncommittal.
You were not hungry.

You visited 2 branches of the dungeon, and saw 9 of its levels.

You collected 299 gold pieces.

Inventory:

Hand Weapons
 a - a +0 dagger of venom (weapon)
 C - a +1 quarterstaff of protection
Armour
 s - a +1 robe (worn)
 x - a +0 hat (worn)
Magical Staves
 b - an uncursed staff of conjuration
Jewellery
 k - an uncursed ring of protection from cold
 o - a ring of protection from magic (right hand)
 r - an uncursed ring of fire
 y - a cursed -3 ring of strength (left hand)
 z - an uncursed ring of protection from magic
 D - an uncursed amulet of guardian spirit {unknown}
Wands
 j - a wand of scattershot (8/9)
Scrolls
 g - 7 scrolls of teleportation
 h - 3 scrolls of amnesia
 i - a scroll of enchant weapon
Potions
 e - 3 potions of berserk rage
 f - 2 potions of invisibility
 l - 2 potions of curing
 m - a potion of haste
 n - 5 potions of brilliance
 p - a potion of agility
 u - a potion of lignification {unknown}
 v - a potion of flight {unknown}
 w - a potion of might {unknown}
 A - 2 potions of heal wounds {unknown}
Books
 c - a book of Minor Magic

   Spells                             Type                      Level
   a - Magic Dart                     Conjuration                  1
   b - Blink                          Translocation                2
   c - Call Imp                       Summoning                    2
   d - Slow                           Hexes                        2
   e - Conjure Flame                  Conjuration/Fire             3
   f - Mephitic Cloud                 Conjuration/Poison/Air       3
Comestibles
 d - 2 bread rations
 q - 7 fruits
 t - a meat ration
 B - a royal jelly
 E - a chunk of flesh


   Skills:
 + Level 2.5 Fighting
 + Level 3.0 Short Blades
 + Level 6.1 Dodging
 + Level 6.3 Stealth
 + Level 7.3 Spellcasting
 + Level 4.9 Conjurations
   Level 1.1 Summonings
 - Level 3.0 Translocations
 + Level 4.0 Fire Magic
 + Level 3.9 Air Magic


You had 13 spell levels left.
You knew the following spells:

 Your Spells              Type           Power        Failure   Level  Hunger
a - Magic Dart            Conj           ####         1%          1    None
b - Blink                 Tloc           N/A          2%          2    None
c - Conjure Flame         Conj/Fire      ####....     2%          3    None
d - Mephitic Cloud        Conj/Pois/Air  ####....     4%          3    None


Dungeon Overview and Level Annotations

Branches:
Dungeon (8/15)             Temple (1/1) D:5
   Lair: D:8-11

Altars:
Ashenzari
Cheibriados
Dithmenos
Elyvilon
Fedhas
Gozag
Hepliaklqana
Kikubaaqudgha
Makhleb
Nemelex Xobeh
Okawaru
Qazlal
Ru
Sif Muna
Trog
Uskayaw
Wu Jian
Xom
Yredelemnul
Zin
The Shining One

Shops:
D:8 ?

Annotations:
D:8 Wintastic's ghost, novice DsGl


Message History

The hippogriff claws you.
You closely miss the hippogriff.
The hippogriff is almost dead.
The hippogriff barely misses you. The hippogriff pecks you.
The hippogriff claws you.
* * * LOW HITPOINT WARNING * * *
You hit the hippogriff.
The hippogriff looks as sick as possible!
The hippogriff is almost dead.
The hippogriff bites you but does no damage.
The hippogriff pecks you.
* * * LOW HITPOINT WARNING * * *
The hippogriff claws you.
* * * LOW HITPOINT WARNING * * *
Unknown command.
Unknown command.
You feel better. The hippogriff bites you!
* * * LOW HITPOINT WARNING * * *
The hippogriff barely misses you. The hippogriff claws you.
You die...

#..).....#
#...###### ##
#...##...##..
#....#......
#....#.....
#...##...#
#..)##...######
#.H......##...#
#.@......#....#
#...##...##...#
#...###'###...#
#[............#
#(............#
#........##...#
#........##...##
#...##...##....#
#...##...##...##


You could see a hippogriff.

Vanquished Creatures
  3 orc warriors
  A sky beast (D:6)
  A necrophage (D:7)
  3 ogres
  2 phantoms
  The ghost of Wintastic the Chopper, an amateur DsBe of Trog (D:3)
  2 centaurs
  A bullfrog (D:7)
  A crimson imp (D:6)
  A bullfrog zombie (D:6)
  3 jellies
  2 hounds (D:8)
  5 orc priests
  6 orc wizards
  Natasha (thrice) (D:2)
  6 worker ants
  A hound zombie (D:7)
  4 gnolls (D:3)
  4 adders
  3 oozes
  An adder skeleton (D:4)
  3 worms
  A dart slug (D:2)
  4 leopard geckos
  34 orcs
  2 ball pythons
  5 giant cockroaches
  7 goblins
  4 hobgoblins
  3 iguanas
  9 jackals
  3 quokkas
  7 bats
  5 frilled lizards
  9 kobolds
  7 rats
157 creatures vanquished.

Notes
Turn   | Place    | Note
-------+----------+-------------------------------------------
     0 | D:1      | Ordine the Deep Elf Wizard began the quest for the Orb.
     0 | D:1      | Reached XP level 1. HP: 10/10 MP: 7/7
   322 | D:1      | Reached XP level 2. HP: 15/15 MP: 5/9
   646 | D:1      | Learned a level 2 spell: Blink
   710 | D:1      | Reached skill level 5 in Spellcasting
   944 | D:1      | Reached XP level 3. HP: 19/19 MP: 5/11
   949 | D:1      | Learned a level 3 spell: Conjure Flame
   953 | D:1      | Learned a level 3 spell: Mephitic Cloud
  1309 | D:2      | Noticed Natasha
  1318 | D:2      | Killed Natasha
  1458 | D:2      | Found a faded altar of an unknown god.
  1784 | D:2      | Reached XP level 4. HP: 24/24 MP: 10/13
  1918 | D:2      | Noticed Natasha
  1928 | D:2      | Killed Natasha
  1997 | D:2      | Noticed Natasha
  2004 | D:2      | Killed Natasha
  2004 | D:2      | Reached skill level 1 in Fire Magic
  2004 | D:2      | Reached skill level 1 in Air Magic
  2139 | D:2      | Reached XP level 5. HP: 25/28 MP: 9/14
  2162 | D:2      | Found a blossoming altar of Fedhas.
  2163 | D:2      | Found an ancient bone altar of Kikubaaqudgha.
  2300 | D:3      | Found a shimmering altar of Xom.
  2476 | D:3      | Noticed Wintastic's ghost (amateur DsBe)
  2486 | D:3      | Killed Wintastic's ghost
  2755 | D:3      | Reached XP level 6. HP: 32/32 MP: 1/16
  3442 | D:3      | Found a glowing silver altar of Zin.
  4096 | D:4      | Reached skill level 6 in Spellcasting
  4301 | D:4      | Found a basalt altar of Yredelemnul.
  4507 | D:4      | HP: 1/32 [something/magic dart (7)]
  4512 | D:5      | Entered Level 5 of the Dungeon
  4512 | D:5      | Found a staircase to the Ecumenical Temple.
  4516 | Temple   | Entered the Ecumenical Temple
  4724 | D:5      | Reached XP level 7. HP: 26/36 MP: 5/18
  5766 | D:5      | Reached skill level 5 in Stealth
  5850 | D:5      | Reached skill level 5 in Dodging
  5883 | D:5      | Reached skill level 1 in Fighting
  6308 | D:5      | Reached skill level 1 in Short Blades
  6396 | D:6      | Reached XP level 8. HP: 41/43 MP: 9/19
  6915 | D:6      | Found a sacrificial altar of Ru.
  7524 | D:6      | Found an iron altar of Okawaru.
  7838 | D:7      | Reached skill level 7 in Spellcasting
  8154 | D:7      | Found a deep blue altar of Sif Muna.
  8155 | D:7      | Found a snail-covered altar of Cheibriados.
  8155 | D:7      | Found a stormy altar of Qazlal.
  8155 | D:7      | Found a sparkling altar of Nemelex Xobeh.
  8161 | D:7      | Became a worshipper of Sif Muna the Loreminder
  8581 | D:8      | Reached XP level 9. HP: 45/48 MP: 1/21
  8838 | D:8      | Found Qaytopryi's Magic Scroll Emporium.
  8838 | D:8      | Noticed Wintastic's ghost (novice DsGl)
  8897 | D:8      | Slain by a hippogriff

Vault maps used:
D:1:      erik_arrival_gehennom
D:2:      grunt_temple_overflow_growth_and_decay,
          chequers_ecumenical_altar_island, kennysheep_generic_room_12,
          uniq_natasha
D:3:      marbit_many_paths, first_bread, glass_columns_a, dk_xom_monty_hall
D:4:      lemuel_crystal_altar, item_on_display_a
D:5:      minmay_temple_entry_glass
D:6:      kennysheep_mini, hangedman_ru_absence
D:7:      chequers_temple_overflow_statue_of_worship
D:8:      serial_shops, shop, uniq_psyche
Temple:   nicolae_temple_no_exploring_needed

Skill      XL: |  1  2  3  4  5  6  7  8  9 |
---------------+----------------------------+-----
Spellcasting   | 5 6 7 |  7.3
Dodging        | 3 4 5 6 |  6.1
Stealth        | 3 4 5 6 |  6.3
Conjurations   | 2 3 4 |  4.9
Fire Magic     | 1 2 3 4 |  4.0
Air Magic      | 1 2 3 |  3.9
Translocations | 2 3 |  3.0
Fighting       | 1 2 |  2.5
Short Blades   | 1 2 3 |  3.0
Summonings     | |  1.1

Action                   |  1- 3 |  4- 6 |  7- 9 || total
-------------------------+-------+-------+-------++-------
Melee: Unarmed           |     7 |     1 |       ||     8
       Dagger            |       |     7 |    33 ||    40
       Quarterstaff      |       |       |     2 ||     2
 Cast: Magic Dart        |    82 |   174 |   289 ||   545
       Blink             |     4 |    19 |     4 ||    27
       Mephitic Cloud    |     1 |    14 |    21 ||    36
       Conjure Flame     |       |     2 |     5 ||     7
  Use: Scroll            |     4 |     6 |     6 ||    16
       Potion            |       |     1 |     1 ||     2
 Stab: Confused          |       |     2 |     3 ||     5
  Eat: Chunk             |     2 |     9 |    13 ||    24
Armor: Robe              |     2 |     1 |    11 ||    14
Dodge: Dodged            |    14 |    33 |    78 ||   125
